[Event "*** Titled Tuesday 3|2 Blitz"]
[Site "Chess.com"]
[Date "2015.06.02"]
[Round "5"]
[White "megarompa"]
[Black "DanielNaroditsky"]
[Result "0-1"]
[WhiteElo "2691"]
[BlackElo "2583"]
[TimeControl "180+2"]
[EndTime "12:01:38 PDT"]
[Termination "DanielNaroditsky won by resignation"]

1. d4 Nf6 2. Bg5 Ne4 3. Bf4 Nc6 4. d5 e5 5. Bg3 Nxg3 6. hxg3 Ne7 7. e4 Ng6 8. Nd2 Bc5 9. Ngf3 d6 10. Bb5+ Kf8 11.
Qe2 a6 12. Bd3 Bg4 13. O-O-O b5 14. Nf1 Qb8 15. Ne3 Bd7 16. Nf5 a5 17. Rh5 a4 18.
Rdh1 h6 19. Qd2 Qb6 20. Ne3 b4 21. Nc4 Qa7 22. Rf1 b3 23. a3 bxc2 24. Qxc2 Rb8 25.
Kb1 Ke7 26. Ka1 Bg4 27. Rhh1 Bxf3 28. gxf3 Bd4 29. Rc1 Rb3 30. Qd2 Rhb8 31. Rc2 Nf8 32. Na5 Rxa3+ 33. Kb1 Qb6 34. Nc6+ Kf6 35. Nxb8 Qxb8 36.
Bc4 Rxf3 37. Qd1 Ra3 38. f4 Ke7 39. Rf1 Nd7 40. Rf3 Rxf3 41. Qxf3 Qb4 42. Qe2 a3 43. b3 Nc5 44. Ka2 Bb2 45. fxe5 Bxe5 46. g4 Nd7 47. Qd2 Qxd2 48. Rxd2 Nf6 49. Rc2 Bb2 50. Bd3 Kd8 51. Rg2 Nd7 52. g5 hxg5 53. Rxg5 Ne5 54. Bb5 g6 55. b4 Nf3 56. Rg2 Nd4 57. Bd3 Ke7 58. Rf2 c6 59. Bc4 f6 60. Rg2 g5 61. dxc6 Nxc6 62.
b5 Ne5 63. b6 Kd7 64. Bb5+ Kc8 65. Ba6+ Kd8 66. Rh2 Nc6 67. Rh8+ Ke7 68. b7 Nb4+ 69. Kb1 Nxa6 70. Ra8 Kd7 71. Rxa6 Kc7 72. Ra7 Kb8 73.
Ra8+ Kxb7 74. Rg8 Kc6 75. Ka2 Kc5 76. Re8 Kd4 77. Re6 Ke3 78. Rxd6 Kxe4 79. Rb6 g4 80. Rb4+ Kf3 81. Rb3+ Kf2 82. Rb8 g3 83. Rg8 g2 0-1

[Event "*** Titled Tuesday 3|2 Blitz"]
[Site "Chess.com"]
[Date "2015.06.02"]
[Round "5"]
[White "TheLancer"]
[Black "Aragon"]
[Result "1-0"]
[WhiteElo "2369"]
[BlackElo "2107"]
[TimeControl "180+2"]
[EndTime "12:02:01 PDT"]
[Termination "TheLancer won by resignation"]

1. e4 d5 2. exd5 Qxd5 3. Nc3 Qd6 4. d4 Nf6 5. Nf3 c6 6. Ne5 Nbd7 7. f4 Nb6 8. Be2 g6 9. O-O Bg7 10. Bf3 Be6 11. a4 Rd8 12. a5 Nc4 13. Ne2 Qc7 14. b3 Nxe5 15. fxe5 Nd5 16. c4 Nb4 17. Qd2 c5 18. Bb2 Bxe5 19. Qh6 Bf6 20. Nf4 Bf5 21.
Rae1 cxd4 22. Nh5 Qd6 23. Ba3 Kd7 24. c5 Qxc5 25. Nxf6+ exf6 26. Rc1 Qxa5 27. Bb2 Nc6 28. Bxc6+ bxc6 29. Bxd4 Kc7 30. Bxf6 Qb6+ 31. Kh1 Qxb3 32. Qf4+ Kb7 33. Bxh8 Rxh8 34. Qd4 Rc8 35. Qg1 Qb6 36. Rb1 Bxb1 37. Rxb1 c5 38. Rxb6+ axb6 39. Qf1 Rc7 40. Qc4 Kc6 41. h4 b5 42. Qe4+ Kb6 43. Qe5 c4 44. Qd6+ Rc6 45. Qb8+ Kc5 46. Kg1 c3 47. Qe5+ Kb6 48.
Qd4+ Rc5 49. Qd6+ Rc6 50. Qd8+ Kc5 51. Kf2 c2 52. Qg5+ Kb6 53. Qd8+ Kc5 54. Qg5+ f5 55.
Qc1 Kb6 56. Ke3 Rc4 57. Kd3 Kc6 58. h5 Kb7 59. h6 Kc6 60. g3 Kb7 61. Ke3 Kc6 62. Kf3 Kb7 63. Ke3 Kc6 64. Qh1+ Kc7 65. Qc1 Kb7 66. Kd2 Rd4+ 67. Kc3 Rc4+ 68. Kb3 Kc6 69.
Kb2 Rb4+ 70. Ka3 Rc4 71. Kb3 Kd5 72. Kb2 Ke4 73. Qh1+ Ke3 74. Kc1 Kf2 75. Qh2+ Kf3 76. Qg1 Kg4 77. Qa7 b4 78. Qxh7 Kxg3 79. Qxg6+ Kf4 80.
h7 b3 81. Qb6 Rc3 82. h8=Q 1-0

[Event "*** Titled Tuesday 3|2 Blitz"]
[Site "Chess.com"]
[Date "2015.06.02"]
[Round "5"]
[White "VovAn1991"]
[Black "GMHess"]
[Result "1-0"]
[WhiteElo "2483"]
[BlackElo "2474"]
[TimeControl "180+2"]
[EndTime "12:02:18 PDT"]
[Termination "VovAn1991 won by resignation"]

1. g3 g6 2. Bg2 Bg7 3. Nf3 Nf6 4. O-O O-O 5. d3 d5 6. Nbd2 c6 7. e4 Bg4 8. Qe1 Na6 9. a3 Nc5 10. h3 Bxf3 11. Bxf3 dxe4 12. dxe4 Ne6 13. Qe3 Nd4 14. Bd1 Qd7 15. Kg2 Rad8 16. c3 Ne6 17. f4 Qd3 18. Qxd3 Rxd3 19. Bc2 Rd7 20. e5 Nd5 21. Ne4 Rfd8 22. a4 h5 23. a5 Bf8 24. Ba4 Ng7 25.
g4 hxg4 26. hxg4 Rc7 27. f5 gxf5 28. gxf5 b5 29. axb6 axb6 30. f6 exf6 31. exf6 Ne6 32. Kf3 Bd6 33. Bh6 Ndf4 34. Nxd6 Rxd6 35. Bxf4 Nxf4 36.
Kxf4 Rxf6+ 37. Ke3 Re7+ 38. Kd2 Rd6+ 39. Kc2 Re2+ 40.
Kb1 Rdd2 41. Ra2 Kg7 42. Bxc6 f5 43. Bf3 Rh2 44. Rd1 Rdf2 45. Bd5 f4 46. b4 Rxa2 47.
Bxa2 f3 48. Bd5 f2 49. Rf1 Kf6 50. Kc2 Ke5 51. c4 Kf4 52. Kd2 Kg3 53. Ke2 b5 54.
cxb5 Rh5 55. Bc6 Re5+ 56. Kd2 Re6 57. Rc1 Kh2 58. Kd3 Re1 59. Rc2 Kg3 60. Rxf2 Kxf2 61.
b6 Rd1+ 62. Kc4 Rd8 63. b7 Ke3 64. Bd7 Rb8 65. Bc8 Ke4 66. b5 Ke5 67. Kc5 Ke4 68.
Kc6 Kd4 69. Kc7 Rxb7+ 70. Bxb7 Kc5 1-0

[Event "*** Titled Tuesday 3|2 Blitz"]
[Site "Chess.com"]
[Date "2015.06.02"]
[Round "5"]
[White "1random"]
[Black "MrHenriksson"]
[Result "1-0"]
[WhiteElo "2049"]
[BlackElo "2055"]
[TimeControl "180+2"]
[EndTime "12:02:43 PDT"]
[Termination "1random won by resignation"]

1. e4 c6 2. d4 d5 3. e5 Bf5 4. Nf3 e6 5. Be2 c5 6. Be3 cxd4 7. Nxd4 Ne7 8. Nd2 Nbc6 9. N2f3 Bg4 10. O-O Bxf3 11.
Nxf3 Ng6 12. c4 dxc4 13. Bxc4 Be7 14. Qa4 O-O 15. Rfd1 Qc7 16. Rac1 Ngxe5 17. Nxe5 Qxe5 18. Rd7 Qxb2 19. Bb5 Bf6 20. Rxb7 Nd4 21. Ba6 Ne2+ 22. Kf1 Nc3 23. Rxb2 Nxa4 24. Rb4 Nb6 25. Bxb6 axb6 26. Rxb6 Bd4 27. Rd6 e5 28. Bc4 Rab8 29. Bb3 Rfc8 30.
Rxc8+ Rxc8 31. Rd7 Rf8 32. f4 g6 33. g4 Kg7 34. g5 h6 35. h4 hxg5 36. hxg5 Bc3 37. fxe5 Bxe5 38. a4 Bf4 39. Rd5 Ra8 40. a5 Bd2 41.
Rxd2 Rxa5 42. Rg2 f6 43. gxf6+ Kxf6 44. Bc2 g5 45. Kf2 Ra2 46. Ke3 Ra3+ 47. Kd4 Rf3 48. Be4 Rf4 49. Ke3 Rf1 50. Ra2 Re1+ 51. Kf3 Rf1+ 52. Ke3 Re1+ 53. Kd4 Rd1+ 54. Bd3 g4 55. Rg2 Kg5 56. Ke3 Re1+ 57. Be2 Ra1 58. Rxg4+ Kf5 59. Rb4 Ke5 60. Rb5+ Kd6 61. Kd4 Ra4+ 62. Bc4 Ra1 63. Rb6+ Ke7 64. Bd5 Re1 65. Be4 Ra1 66.
Ke5 Ra5+ 67. Bd5 Kf8 68. Rb7 Ra6 69. Be6 Ra1 70. Kf6 Rf1+ 71. Bf5 Re1 72. Rh7 Kg8 73. Rb7 Kf8 74. Bd3 Re3 75. Rb8+ Re8 76. Rb7 Re3 77.
Bg6 Rf3+ 78. Bf5 Re3 79. Ra7 Re1 80. Bh3 Re3 81. Bg4 Re1 82. Ra8+ Re8 83. Ra3 Re1 84.
Bf5 Re3 85. Rxe3 1-0

[Event "*** Titled Tuesday 3|2 Blitz"]
[Site "Chess.com"]
[Date "2015.06.02"]
[Round "5"]
[White "WanderingPuppet"]
[Black "redchessman"]
[Result "0-1"]
[WhiteElo "2111"]
[BlackElo "2119"]
[TimeControl "180+2"]
[EndTime "12:02:48 PDT"]
[Termination "redchessman won on time"]

1. e4 e5 2. Nf3 Nc6 3. Bb5 Bc5 4. O-O Nf6 5. c3 O-O 6. d4 Bb6 7. Bg5 h6 8. Bh4 g5 9. Nxg5 hxg5 10. Bxg5 Kg7 11.
Kh1 Qe8 12. Qf3 Nh7 13. Qg3 Kh8 14. f4 exd4 15. e5 Rg8 16. Qh4 Rg6 17. Bd3 d6 18.
Bxg6 fxg6 19. Nd2 Bf5 20. Rae1 dxe5 21. fxe5 dxc3 22. bxc3 Kg8 23. Bf6 Qf7 24. g4 Bd3 25.
Rf4 g5 26. Bxg5 Nxg5 27. Rxf7 Nxf7 28. e6 Nd6 29. e7 Re8 30. Qg3 Bg6 31. g5 Rxe7 32.
Rxe7 Nxe7 33. h4 Nef5 34. Qe5 Kh7 35. Qe6 Bh5 36. c4 Bg6 37. Qf6 Bf2 38. a4 Bxh4 39. Qe6 Bf2 40. Qd7+ Kg8 41. Qd8+ Kg7 42. Qxc7+ Bf7 43.
c5 Ne8 44. Qf4 Be3 45. Qxf5 Bxd2 46. Qe5+ Kg8 47. Qe7 Bc1 48. Qxb7 Bxg5 49. Qd7 Nf6 50. Qd8+ Kg7 51. Kg1 Be3+ 52. Kf1 Bxc5 53. Qa8 Bb6 54. Qg2+ Kf8 55. Qc6 Nd5 56. Qc8+ Kg7 57. Qa8 Ne3+ 58. Ke2 Nc4 59. Qb7 Kf8 60. Kf1 Na5 61. Qa8+ Ke7 62.
Qe4+ Be6 63. Qh4+ Kd6 64. Qf4+ Kd5 65. Qd2+ Kc5 66. Qc3+ Bc4+ 67. Ke1 Nb3 68. Qe5+ Kb4 69. a5 Nxa5 70. Qd6+ Bc5 71. Qb8+ Bb5 72. Qh8 a6 73. Qb2+ Nb3 74. Kd1 a5 75. Qh2 a4 76. Qh4+ Bc4 77.
Kc2 Bd4 78. Qe7+ Bc5 79. Qb7+ Bb5 80. Qe4+ Nd4+ 81. Kb2 a3+ 82. Ka1 Bc4 83. Qb1+ Nb3+ 84. Ka2 Ka4 85. Qh1 Nd2+ 0-1

[Event "*** Titled Tuesday 3|2 Blitz"]
[Site "Chess.com"]
[Date "2015.06.02"]
[Round "5"]
[White "SGQ"]
[Black "Recombinant"]
[Result "0-1"]
[WhiteElo "1900"]
[BlackElo "2114"]
[TimeControl "180+2"]
[EndTime "12:03:33 PDT"]
[Termination "Recombinant won by resignation"]

1. e4 c5 2. Nf3 d6 3. d4 cxd4 4. Nxd4 Nf6 5. Nc3 g6 6. Be3 Bg7 7. f3 Nc6 8. Qd2 O-O 9. O-O-O d5 10. Kb1 Nxd4 11. e5 Nf5 12. exf6 exf6 13. Nxd5 Be6 14.
Bc5 Re8 15. Bb5 Bxd5 16. Bxe8 Bxa2+ 17. Kxa2 Qxe8 18. Ba3 Qe6+ 19. b3 h5 20. Rhe1 Qa6 21.
Qd3 Qb6 22. g4 hxg4 23. fxg4 Nh6 24. h3 Rc8 25. Kb1 Kh7 26. Qd7 Rc7 27. Qd4 Qc6 28. Qd3 f5 29. g5 Ng8 30. Bb2 Ne7 31. h4 Nc8 32. Bxg7 Kxg7 33. h5 a5 34. h6+ Kh7 35. c4 f6 36. gxf6 Qxf6 37. Qd4 Qxd4 38.
Rxd4 Kxh6 39. Re6 Ne7 40. Kc2 Nc6 41. Rdd6 Rg7 42. Kd3 Kh5 43. c5 g5 44. Ke3 Kg4 45. Kf2 f4 46. Rd5 Rh7 47. Kg2 Rg7 48. Re4 Nb4 49. Rd2 Nc6 50. Rd5 Rf7 51. Kf2 Nb4 52. Rd2 Rf5 53. Rc4 Nc6 54. Rc1 Kh5 55. Rh1+ Kg6 56.
Kf3 Rf6 57. Rd6 Ne5+ 58. Ke4 Nf7 59. Rxf6+ Kxf6 60. Kf3 Kf5 61. Rh5 Ne5+ 62. Kf2 Nd3+ 63. Kf3 Nxc5 64. Rh8 Nxb3 65. Rf8+ Ke6 66. Rb8 Nc5 67.
Ra8 a4 68. Kg4 Kd5 69. Kxg5 f3 70. Rf8 Ke4 71. Kg4 Nd3 72. Re8+ Ne5+ 73. Kg3 b5 74. Rb8 Kd3 75. Rxb5 Nc6 76. Rc5 Nd4 77. Ra5 Ke3 78. Rxa4 f2 79. Kg2 Ne2 80. Ra3+ Kf4 81.
Kxf2 Nd4 82. Ra4 Ke5 83. Ke3 Nf5+ 84. Kf3 Nd6 85. Ra5+ Kd4 86. Kf4 Nc4 87. Ra8 Kd5 88. Rd8+ Kc5 89. Ke4 Nd6+ 90. Kd3 Kd5 91. Rd7 Ke5 92. Re7+ Kd5 93. Re1 Kc5 94. Re5+ Kc6 95. Kd4 Nb5+ 96. Kc4 Nd6+ 97. Kb4 Nb7 98. Rh5 Nd6 99.
Ra5 Nb7 100. Ra6+ Kd5 101. Kc3 Nc5 102. Rh6 Ne4+ 103. Kd3 Nc5+ 104. Ke3 Nd7 105. Ra6 Nc5 106. Ra5 Kc4 107. Kd2 Kd4 108. Rb5 Kc4 109. Rb8 Kd4 0-1

[Event "*** Titled Tuesday 3|2 Blitz"]
[Site "Chess.com"]
[Date "2015.06.02"]
[Round "6"]
[White "FearNoEvil12"]
[Black "pedromartinez91"]
[Result "0-1"]
[WhiteElo "1983"]
[BlackElo "2127"]
[TimeControl "180+2"]
[EndTime "12:07:01 PDT"]
[Termination "pedromartinez91 won by resignation"]

1. Nf3 c5 2. c4 Nc6 3. Nc3 g6 4. e3 Nf6 5. b3 Bg7 6. Bb2 O-O 7. Qc2 d5 8. cxd5 Nxd5 9. Nxd5 Qxd5 10. Bxg7 Kxg7 11.
Bc4 Qd6 12. O-O e5 13. d4 cxd4 14. exd4 Nxd4 15. Nxd4 exd4 16. Rad1 Bf5 17. Bd3 Rac8 18. Qb2 Bg4 19. f3 Be6 20. Be4 Rfd8 21. Bxb7 Rc7 22. Be4 Qb6 23. Rd3 f5 0-1

[Event "*** Titled Tuesday 3|2 Blitz"]
[Site "Chess.com"]
[Date "2015.06.02"]
[Round "6"]
[White "Hikaru"]
[Black "Imre91"]
[Result "1-0"]
[WhiteElo "2810"]
[BlackElo "2552"]
[TimeControl "180+2"]
[EndTime "12:08:45 PDT"]
[Termination "Hikaru won by resignation"]

1. e4 e6 2. d4 d5 3. Nc3 dxe4 4.
Nxe4 Nd7 5. Nf3 Ngf6 6. Nxf6+ Nxf6 7. Be3 Bd7 8. Ne5 Bd6 9. Qf3 Bxe5 10. dxe5 Nd5 11. Bd2 Qe7 12. c4 Nb6 13. Qxb7 O-O 14. Qe4 Na4 15. b3 Nc5 16. Qe3 Bc6 17. f3 Rfd8 18.
Be2 Qh4+ 19. g3 Qd4 20. Qxd4 Rxd4 21. Bc3 Nd3+ 22. Kd2 Rd7 23. Ke3 Nc5 24. Rhd1 a5 25. Bd4 Na6 26. a3 Rb8 27. Rab1 Kf8 28. Bc3 Nc5 29.
Rxd7 Bxd7 30. Bxa5 Rxb3+ 31. Rxb3 Nxb3 32. Bxc7 1-0

[Event "*** Titled Tuesday 3|2 Blitz"]
[Site "Chess.com"]
[Date "2015.06.02"]
[Round "6"]
[White "GasconJR"]
[Black "patzerplay"]
[Result "0-1"]
[WhiteElo "2276"]
[BlackElo "2183"]
[TimeControl "180+2"]
[EndTime "12:08:46 PDT"]
[Termination "patzerplay won - game abandoned"]

1. d4 Nf6 2. c4 g6 3. Nc3 d5 4.
cxd5 Nxd5 5. e4 Nxc3 6. bxc3 Bg7 7. Be2 O-O 8. Nf3 c5 9. Rb1 Nc6 10. d5 Na5 11. O-O b6 12. c4 e6 13. Qc2 exd5 14.
cxd5 Bg4 15. Bf4 Rc8 16. h3 Bxf3 17. Bxf3 Bd4 18. Rbd1 Re8 19. d6 Nc6 0-1

[Event "*** Titled Tuesday 3|2 Blitz"]
[Site "Chess.com"]
[Date "2015.06.02"]
[Round "6"]
[White "9ShMat2"]
[Black "jcibarra"]
[Result "1-0"]
[WhiteElo "2514"]
[BlackElo "2534"]
[TimeControl "180+2"]
[EndTime "12:09:54 PDT"]
[Termination "9ShMat2 won by resignation"]

1. e4 e5 2. Nf3 d6 3. d4 exd4 4. Nxd4 Nf6 5. Nc3 Be7 6. Be3 O-O 7. Qd2 d5 8. exd5 Nxd5 9. O-O-O Nxe3 10. Qxe3 Nd7 11.
Bc4 c6 12. Kb1 Bf6 13. Ne4 Qb6 14. Rhe1 a5 15. c3 a4 16. f4 a3 17. b3 Ra5 18.
Nd6 Rc5 19. Nxc8 Rxc8 20. Bxf7+ Kh8 21. Qe8+ 1-0

[Event "*** Titled Tuesday 3|2 Blitz"]
[Site "Chess.com"]
[Date "2015.06.02"]
[Round "6"]
[White "Tilicheev_Viacheslav"]
[Black "GGuseinov"]
[Result "1-0"]
[WhiteElo "2438"]
[BlackElo "2484"]
[TimeControl "180+2"]
[EndTime "12:09:56 PDT"]
[Termination "Tilicheev_Viacheslav won by resignation"]

1. e4 c5 2. Nf3 Nc6 3. Nc3 g6 4. d4 cxd4 5. Nxd4 Bg7 6. Be3 Nf6 7. Bc4 O-O 8. Bb3 Qa5 9. O-O d6 10. h3 Bd7 11. Re1 Rac8 12. Nd5 Nxd5 13. exd5 Ne5 14. Qe2 Qc7 15. c3 Rfe8 16. f4 Nc4 17. Bf2 a6 18. a4 b5 19. axb5 axb5 20. Nf3 Ra8 21. Rxa8 Rxa8 22. Qxe7 Re8 23. Qxe8+ Bxe8 24. Rxe8+ Bf8 25.
Ng5 Qd7 26. Ne4 Qf5 27. Bxc4 bxc4 28. Be3 f6 29. g4 1-0

[Event "*** Titled Tuesday 3|2 Blitz"]
[Site "Chess.com"]
[Date "2015.06.02"]
[Round "6"]
[White "only_defence"]
[Black "Daniel_Fridman"]
[Result "0-1"]
[WhiteElo "2142"]
[BlackElo "2530"]
[TimeControl "180+2"]
[EndTime "12:10:06 PDT"]
[Termination "Daniel_Fridman won by resignation"]

1. d4 Nf6 2. c4 e6 3. Nc3 c5 4.
Nf3 cxd4 5. Nxd4 Bb4 6. Qd3 Nc6 7. a3 Bxc3+ 8. Qxc3 O-O 9. Nxc6 bxc6 10. g3 d5 11. Bg2 Rb8 12. Bf4 Rb7 13. O-O h6 14.
c5 Re8 15. b4 Nd7 16. Bd6 e5 17. Rfd1 Qg5 18. Qc2 Nf6 19. Qa4 Bd7 20. Qa6 Rb5 21.
Qxa7 Qh5 22. Rab1 Qxe2 23. Bf1 Qh5 24. a4 Rxb4 25. Rxb4 Qxd1 26. Rb7 Bh3 27. Qa6 Ne4 28. Qe2 Qa1 29. Rb2 Nc3 0-1

[Event "*** Titled Tuesday 3|2 Blitz"]
[Site "Chess.com"]
[Date "2015.06.02"]
[Round "6"]
[White "kesarev"]
[Black "PowerThinking2650"]
[Result "1-0"]
[WhiteElo "2150"]
[BlackElo "2063"]
[TimeControl "180+2"]
[EndTime "12:10:19 PDT"]
[Termination "kesarev won by checkmate"]

1. Nf3 Nf6 2. c4 g6 3. Nc3 Bg7 4. e4 d6 5. d4 O-O 6. h3 e5 7. d5 a5 8. g4 Na6 9. Be3 Kh8 10. Nd2 Ng8 11. Bd3 Bh6 12. Qe2 f5 13.
exf5 gxf5 14. gxf5 Bxe3 15. fxe3 Qh4+ 16. Qf2 Qxf2+ 17.
Kxf2 Nc5 18. Bc2 Bxf5 19. Bxf5 Rxf5+ 20. Ke2 Raf8 21. Raf1 Ne7 22. Nb5 Na6 23. Ne4 Rxf1 24. Rxf1 Rxf1 25. Kxf1 Kg7 26. Ng5 Kg6 27. Ne6 Kf5 28. Ke2 Ke4 29. Nexc7 Nxc7 30. Nxd6# 1-0

[Event "*** Titled Tuesday 3|2 Blitz"]
[Site "Chess.com"]
[Date "2015.06.02"]
[Round "6"]
[White "GMNeiksans"]
[Black "facu57"]
[Result "0-1"]
[WhiteElo "2497"]
[BlackElo "2215"]
[TimeControl "180+2"]
[EndTime "12:10:27 PDT"]
[Termination "facu57 won by resignation"]

1. Nf3 c6 2. g3 d5 3. Bg2 Nf6 4. O-O Bf5 5. d3 Nbd7 6. Nbd2 e5 7. Qe1 Bd6 8. e4 Bg6 9. Nh4 a6 10. Qe2 Bh5 11. Bf3 Bxf3 12. Ndxf3 O-O 13. Nf5 Bc7 14. Bg5 h6 15. Nxh6+ gxh6 16. Bxh6 Re8 17. Nh4 Nc5 18. Nf5 Ne6 19. c3 Kh8 20. Qf3 Rg8 21. Qg2 Rg6 22.
Be3 Kg8 23. Nh6+ Kf8 24. Nf5 Kg8 25. Rad1 Nf4 26. Qf3 d4 27. cxd4 Nh3+ 28. Kg2 exd4 29. Bxd4 Ng5 30. Qe2 Ne6 31. Bc3 Nf4+ 0-1

[Event "*** Titled Tuesday 3|2 Blitz"]
[Site "Chess.com"]
[Date "2015.06.02"]
[Round "6"]
[White "stepanosinovsky"]
[Black "Aygehovit1992"]
[Result "0-1"]
[WhiteElo "2298"]
[BlackElo "2435"]
[TimeControl "180+2"]
[EndTime "12:10:29 PDT"]
[Termination "Aygehovit1992 won by resignation"]

1. Nf3 g6 2. g3 Bg7 3. Bg2 e5 4. O-O d5 5. d3 Ne7 6. c4 d4 7. b4 O-O 8. a4 f5 9. a5 h6 10.
Nbd2 g5 11. b5 Ng6 12. Ba3 Rf7 13. c5 Nd7 14. Nc4 Rb8 15. Qb3 g4 16. Nfd2 Nf6 17. e3 dxe3 18. fxe3 h5 19. Bb2 Be6 20. Qc2 Nh7 21. b6 axb6 22. axb6 cxb6 23. Nxb6 Ng5 24. Ndc4 h4 25. Nd6 Rf6 26. gxh4 Nxh4 27. Bxe5 Rh6 28.
Bxg7 Kxg7 29. Qc3+ Kh7 30. Qe5 Nhf3+ 31. Bxf3 Nxf3+ 32. Kg2 Nxe5 0-1

[Event "*** Titled Tuesday 3|2 Blitz"]
[Site "Chess.com"]
[Date "2015.06.02"]
[Round "6"]
[White "MinhGTrAn"]
[Black "wonderfultime"]
[Result "1-0"]
[WhiteElo "2577"]
[BlackElo "2513"]
[TimeControl "180+2"]
[EndTime "12:10:41 PDT"]
[Termination "MinhGTrAn won by resignation"]

1. d4 d5 2. c4 c6 3. Nc3 Nf6 4. cxd5 cxd5 5. Bf4 e6 6. e3 a6 7. Rc1 Nc6 8. Bd3 Bd6 9. Bxd6 Qxd6 10. f4 O-O 11. Nf3 b5 12. O-O Bb7 13. Ne5 Rac8 14. Rf3 Ne7 15. Rh3 g6 16. Qe1 b4 17. Na4 Rxc1 18. Qxc1 Ne4 19. Qe1 Qc7 20. Bxe4 dxe4 21.
Nc5 Nd5 22. Qh4 h5 23. g4 b3 24. a3 Qa5 25. Qf2 Bc8 26. gxh5 1-0

[Event "*** Titled Tuesday 3|2 Blitz"]
[Site "Chess.com"]
[Date "2015.06.02"]
[Round "6"]
[White "MITerryble"]
[Black "TomsKantans"]
[Result "1-0"]
[WhiteElo "2532"]
[BlackElo "2282"]
[TimeControl "180+2"]
[EndTime "12:10:43 PDT"]
[Termination "MITerryble won by resignation"]

1. d4 Nf6 2. Nf3 c5 3. d5 e6 4.
Nc3 exd5 5. Nxd5 Nxd5 6. Qxd5 Nc6 7. e4 d6 8. Bc4 Be6 9. Qd3 Be7 10. O-O O-O 11. Bxe6 fxe6 12. Qb3 Qd7 13. Rd1 Rxf3 14. Qxf3 Rf8 15. Qh3 Bf6 16. c3 b5 17. Be3 Qe7 18. f4 b4 19. Rac1 bxc3 20. bxc3 Rb8 21. Qf3 Na5 22. Qe2 h6 23. Bf2 Qc7 24. Qd3 Rb6 25.
Rb1 Rxb1 26. Rxb1 c4 27. Qf3 Nc6 28. Rd1 Qb8 29. e5 1-0

[Event "*** Titled Tuesday 3|2 Blitz"]
[Site "Chess.com"]
[Date "2015.06.02"]
[Round "6"]
[White "DanielNaroditsky"]
[Black "lorcho"]
[Result "0-1"]
[WhiteElo "2558"]
[BlackElo "2476"]
[TimeControl "180+2"]
[EndTime "12:10:47 PDT"]
[Termination "lorcho won by resignation"]

1. e4 c6 2. d4 d5 3. Nc3 dxe4 4.
Nxe4 Nf6 5. Nxf6+ exf6 6. Bc4 Bd6 7. Ne2 O-O 8. Ng3 Re8+ 9. Be3 f5 10. Ne2 f4 11.
Bd2 Bg4 12. f3 Qh4+ 13. Kf1 Bf5 14. Qc1 Nd7 15. Nxf4 Nb6 16. Bb3 a5 17. a4 Qf6 18.
c3 c5 19. dxc5 Bxc5 20. g4 Qc6 21. Kg2 Bxg4 22. Rf1 Rad8 23. Qc2 Rxd2+ 24. Qxd2 Be3 25. Bd5 Qd7 26. Qd3 Bxf4 27. Bxf7+ Kxf7 28. Qxh7 Re2+ 29. Kh1 Qc6 30. Qd3 Rxh2+ 31. Kg1 Qc5+ 32. Qd4 Be3+ 33.
Kxh2 Bxd4 0-1

[Event "*** Titled Tuesday 3|2 Blitz"]
[Site "Chess.com"]
[Date "2015.06.02"]
[Round "6"]
[White "Colombiano07"]
[Black "Philofive"]
[Result "1-0"]
[WhiteElo "2013"]
[BlackElo "2210"]
[TimeControl "180+2"]
[EndTime "12:11:21 PDT"]
[Termination "Colombiano07 won by resignation"]

1. e4 e6 2. d4 d5 3. Nc3 Bb4 4. e5 Ne7 5. a3 Bxc3+ 6. bxc3 b6 7. Bb5+ c6 8. Bd3 Ba6 9. Bxa6 Nxa6 10. a4 c5 11. Nf3 Rc8 12. O-O Qc7 13. Qd3 Nb8 14.
Ba3 Nd7 15. c4 O-O 16. cxd5 Nxd5 17. Ng5 g6 18. Qh3 h5 19. Nxe6 fxe6 20. Qxe6+ Kh7 21. Qxd5 Rf4 22. g3 Rxd4 23. Qf7+ Kh8 24. Bb2 Nxe5 25. Qe6 Re4 26. f4 Kh7 27. Bxe5 Qb7 28. Rad1 Rc7 29.
Qf6 Rc8 30. Rd6 Rg8 31. Rfd1 Rxe5 32. fxe5 Rg7 33. e6 Qe4 34. Qf4 Qe1+ 35. Rxe1 1-0

[Event "*** Titled Tuesday 3|2 Blitz"]
[Site "Chess.com"]
[Date "2015.06.02"]
[Round "6"]
[White "amandarm"]
[Black "lexiel"]
[Result "0-1"]
[WhiteElo "2044"]
[BlackElo "1955"]
[TimeControl "180+2"]
[EndTime "12:11:39 PDT"]
[Termination "lexiel won by resignation"]

1. d4 d6 2. c4 Nf6 3. Nc3 Bf5 4.
Nf3 h6 5. h3 c6 6. Bf4 Nbd7 7. e4 Nxe4 8. Qb3 Nxc3 9. bxc3 Qc8 10.
Be2 e6 11. O-O Be7 12. Rfe1 O-O 13. Bf1 Re8 14. Rac1 c5 15. d5 e5 16. Bg3 Bf8 17. Nh4 Bh7 18. Be2 Nf6 19. Bd1 b6 20. a4 Qd7 21.
Qa3 e4 22. f4 g5 23. fxg5 hxg5 24. Qb2 gxh4 25. Bxh4 Bg7 26. Qf2 Qf5 27. Qg3 Qe5 28.
Qe3 Kh8 29. Rf1 Rg8 30. Bc2 Rae8 31. Rf2 Bg6 32. Rcf1 Nh7 33. Bg3 Qxc3 34. Qf4 Be5 35. Qh6 Bxg3 36. Rxf7 Bxf7 37. Rxf7 Qe1+ 38. Rf1 Bf2+ 39.
Kh2 Qxf1 0-1

[Event "*** Titled Tuesday 3|2 Blitz"]
[Site "Chess.com"]
[Date "2015.06.02"]
[Round "6"]
[White "GregShahade"]
[Black "alexsuper1987"]
[Result "1-0"]
[WhiteElo "2336"]
[BlackElo "2065"]
[TimeControl "180+2"]
[EndTime "12:11:39 PDT"]
[Termination "GregShahade won by resignation"]

1. c4 Nf6 2. Nc3 e6 3. e4 d6 4. d4 Be7 5. Nf3 O-O 6. Be2 c5 7. O-O cxd4 8. Nxd4 Nc6 9. b3 Bd7 10. Bb2 a6 11. Kh1 Qa5 12. f4 Nxd4 13. Qxd4 e5 14. Qe3 Bc6 15. fxe5 dxe5 16. Nd5 Bxd5 17. exd5 Bc5 18.
Qg3 Qd2 19. Bxe5 Qxe2 20. Bxf6 g6 21. Rae1 Qh5 22. Qc7 Bb4 23. Re5 Qh6 24. Re4 Rae8 25. Rxe8 Rxe8 26. Bc3 Re7 27. Qd8+ 1-0

[Event "*** Titled Tuesday 3|2 Blitz"]
[Site "Chess.com"]
[Date "2015.06.02"]
[Round "6"]
[White "JustaTrickstar"]
[Black "iFrancisco"]
[Result "1-0"]
[WhiteElo "2439"]
[BlackElo "2298"]
[TimeControl "180+2"]
[EndTime "12:11:55 PDT"]
[Termination "JustaTrickstar won by resignation"]

1. d4 d5 2. c4 e6 3. Nc3 Nf6 4. cxd5 exd5 5. Bg5 c6 6. e3 Nbd7 7. Bd3 Be7 8. Nf3 O-O 9. O-O Re8 10. h3 Ne4 11.
Bf4 f5 12. Qc2 Ndf6 13. Rab1 Nxc3 14. bxc3 g6 15. c4 Bd6 16. Be5 Rb8 17. cxd5 Nxd5 18. e4 fxe4 19. Bxe4 Bxe5 20. Nxe5 Nf4 21. Nxc6 Qg5 22.
Kh2 Bxh3 23. gxh3 bxc6 24. Rxb8 Rxb8 25. Qxc6 Rf8 26. Rg1 Qh4 27. Rg3 Nh5 28. Qe6+ Kh8 29. Qe5+ Kg8 30. Bd5+ Rf7 31. Qe8+ Kg7 32. Qxf7+ Kh6 33.
Qf8+ Ng7 34. Rg4 Qh5 35. Qf4+ g5 36. Qf6+ 1-0

[Event "*** Titled Tuesday 3|2 Blitz"]
[Site "Chess.com"]
[Date "2015.06.02"]
[Round "6"]
[White "GeorgMeier"]
[Black "oggy1984"]
[Result "1-0"]
[WhiteElo "2715"]
[BlackElo "2328"]
[TimeControl "180+2"]
[EndTime "12:12:08 PDT"]
[Termination "GeorgMeier won by resignation"]

1. Nf3 Nf6 2. g3 b6 3. Bg2 Bb7 4. O-O e6 5. c4 c5 6. Nc3 Be7 7. d4 cxd4 8. Qxd4 d6 9. Bg5 a6 10. Bxf6 Bxf6 11. Qf4 Bxf3 12. exf3 Ra7 13. Rfd1 Rd7 14.
Qe3 O-O 15. f4 b5 16. cxb5 axb5 17. Nxb5 Bxb2 18. Rab1 Bf6 19. Rd2 d5 20. f5 e5 21.
Qb3 d4 22. h4 Qa5 23. Rdd1 h6 24.
Rbc1 d3 25. a4 Kh7 26. Rc4 Rfd8 27. Be4 d2 28. Kg2 Na6 29. Qc2 Nb4 30. Qc3 Nc6 31.
Bxc6 Qxc3 32. Rxc3 Re7 33. Be4 h5 34. Rc2 Red7 35.
Kf3 Kh6 36. Ke2 1-0

[Event "*** Titled Tuesday 3|2 Blitz"]
[Site "Chess.com"]
[Date "2015.06.02"]
[Round "6"]
[White "Keaton87"]
[Black "kleinebeer98"]
[Result "1-0"]
[WhiteElo "2402"]
[BlackElo "2273"]
[TimeControl "180+2"]
[EndTime "12:12:08 PDT"]
[Termination "Keaton87 won by resignation"]

1. e4 c5 2. Nf3 d6 3. d4 cxd4 4. Nxd4 Nf6 5. Nc3 a6 6. Bg5 Nbd7 7. f4 b5 8. Qe2 Qc7 9. Bxf6 Nxf6 10. e5 dxe5 11.
fxe5 Ng4 12. e6 Qe5 13. exf7+ Kxf7 14. Qxe5 Nxe5 15. Be2 Bb7 16. Nf3 Nxf3+ 17. Bxf3 Bxf3 18. Rf1 e5 19. Rxf3+ Ke6 20. Ne4 Be7 21. Ke2 Rhf8 22. Raf1 Rxf3 23. Rxf3 Rc8 24. c3 b4 25. Rh3 h6 26. Rg3 g5 27. Rd3 bxc3 28. Nxc3 Bc5 29. Rh3 Rh8 30. Ne4 Be7 31. g4 Kd5 32. Kd3 Rf8 33.
Nc3+ Kc5 34. Rxh6 Rf4 35. h3 a5 36. Re6 Bd8 37. Rxe5+ Kc6 38. Rf5 Rb4 39. b3 Rb7 40.
Ne2 Rh7 41. Nd4+ Kd6 42. Rf3 Kd5 43. Nb5 Kc5 44. a4 Kb4 45. Ke4 Re7+ 46. Kd5 Rh7 47. Nd4 Bb6 48. Nc6+ Ka3 49. Ne5 Bc7 50. Ke6 Rh8 51.
Nf7 Re8+ 52. Kd7 1-0